 Dungeon Crawl Stone Soup version 0.21-a0-442-g848f44b (console) character file.

1991 zero the Cleaver (level 9, -18/85 HPs)
             Began as a Gargoyle Berserker on Nov 16, 2017.
             Was an Elder of Trog.
             Killed from afar by a gargoyle (20 damage)
             ... with a stone arrow
             ... on level 6 of the Dungeon.
             The game lasted 00:02:31 (7350 turns).

zero the Cleaver (Gargoyle Berserker)               Turns: 7350, Time: 00:02:31

Health: -18/85     AC: 18    Str: 29    XL:     9   Next: 21%
Magic:  9/9        EV:  8    Int:  8    God:    Trog [****..]
Gold:   351        SH:  0    Dex:  9    Spells: 8/8 levels left

rFire    . . .     SeeInvis .   Y - +0 hand axe
rCold    . . .     Gourm    .   (no shield)
rNeg     + . .     Faith    .   k - +0 plate armour
rPois    ∞         Spirit   .   (no helmet)
rElec    +         Reflect  .   (no cloak)
rCorr    .         Harm     .   (no gloves)
MR       .....                  (no boots)
Stlth    ..........             (no amulet)
HPRegen  0.24/turn              (no ring)
MPRegen  0.11/turn              (no ring)

@: berserking, slowed
A: negative energy resistance 1, electricity resistance, unbreathing,
petrification resistance, rot immunity, AC +6
a: Berserk, Trog's Hand, Brothers in Arms, Burn Spellbooks, Renounce Religion


You were on level 6 of the Dungeon.
You worshipped Trog.
Trog was greatly pleased with you.
You were hungry.

You visited 2 branches of the dungeon, and saw 7 of its levels.

You collected 351 gold pieces.


Innate Abilities, Weirdness & Mutations

You are resistant to torment.
Your stone body is resilient. (AC +6)
You are immune to poison.
You resist negative energy. (rN+)
You are resistant to electric shocks. (rElec)
You can survive without breathing.
You are immune to petrification.
You are immune to rotting.


   Skills:
 - Level 7.2 Fighting
 + Level 9.0 Axes
 - Level 5.0 Armour
 - Level 1.5 Dodging


You had 8 spell levels left.
You didn't know any spells.

Inventory:

Hand Weapons
 b - a +0 flail
 Y - a +0 hand axe (weapon)
Armour
 k - a +0 plate armour (worn)
 s - a +0 buckler
Jewellery
 n - an uncursed ring of fire
Wands
 o - a wand of random effects (4/48)
Scrolls
 a - 2 scrolls of teleportation
 h - 3 scrolls of remove curse
 l - 3 scrolls of identify
 r - 2 scrolls of recharging {unknown}
Potions
 c - a potion of might
 d - a potion of mutation
 f - a potion of curing
 g - a potion of magic {unknown}
 i - a potion of invisibility {unknown}
 j - a potion of heal wounds
 m - a potion of brilliance {unknown}
 p - a potion of haste {unknown}
 t - a potion of lignification {unknown}
Comestibles
 e - 5 bread rations
 q - 2 chunks of flesh

Dungeon Overview and Level Annotations

Branches:
Dungeon (6/15)             Temple (1/1) D:4

Altars:
Ashenzari
Cheibriados
Dithmenos
Elyvilon
Fedhas
Gozag
Hepliaklqana
Kikubaaqudgha
Makhleb
Nemelex Xobeh
Okawaru
Ru
Sif Muna
Trog
Uskayaw
Vehumet
Yredelemnul
Zin
The Shining One


Message History

You feel as though you will be slow longer.
You slash the wraith!
You destroy the wraith!
Trog accepts your kill.
Your Fighting skill increases to level 7!
You barely miss the gargoyle. The gargoyle hits you with a mace.
You slash the gargoyle!
The gargoyle is moderately damaged.
You hit the gargoyle but do no damage.
The gargoyle is moderately damaged.
The gargoyle hits you but does no damage.
You hit the gargoyle.
The gargoyle is moderately damaged.
The gargoyle hits you with a mace!
You hit the gargoyle but do no damage.
The gargoyle is moderately damaged.
The gargoyle hurls a stone arrow at you.
The stone arrow hits you!
You die...

######
#####.@..####
#....9......###
....##'##.......##
.# #.. ####.....#
#.a ###...# .# #
#.Z ##..# ###.#.+
#.. +..# ..#.#.##
#W9 ##..# #......#
#.. ###...#
....... ##+
#+##...#.# ....#
.. #........#


You could see a gargoyle.

Vanquished Creatures
  The ghost of Autsider the Cleaver, a novice HOMo (D:6)
  A wraith (D:6)
  The ghost of Qupu the Sneak, an amateur SpEn (D:3)
  Sigmund (D:4)
  Menkaure (D:5)
  A sky beast (D:4)
  An ogre (D:4)
  2 bullfrogs (D:6)
  A scorpion (D:6)
  A crimson imp (D:5)
  A quasit (D:5)
  4 orc wizards
  2 hounds
  A centaur skeleton (D:6)
  Terence (D:2)
  3 iguanas
  5 worker ants
  A hound skeleton (D:5)
  A worker ant zombie (D:5)
  3 howler monkey skeletons
  10 adders
  A shadow imp (D:5)
  2 oozes
  An adder zombie (D:6)
  An adder skeleton (D:3)
  2 worms (D:3)
  2 dart slugs
  8 leopard geckos
  13 orcs
  2 ball pythons
  A giant cockroach (D:5)
  8 hobgoblins
  2 quokkas (D:6)
  5 bats
  7 frilled lizards
  11 goblins
  6 kobolds
  11 rats
126 creatures vanquished.

Notes
Turn   | Place    | Note
-------+----------+-------------------------------------------
     0 | D:1      | zero the Gargoyle Berserker began the quest for the Orb.
     0 | D:1      | Reached XP level 1. HP: 14/14 MP: 1/1
     0 | D:1      | 0 ||| counter = 50
    11 | D:1      | Reached skill level 3 in Axes
    24 | D:1      | Reached XP level 2. HP: 19/19 MP: 2/2
   423 | D:1      | Reached XP level 3. HP: 21/23 MP: 3/3
   552 | D:1      | Reached ** piety under Trog
  1031 | D:1      | 1031 ||| UPGRADING to ring mail.
  1041 | D:1      | 1041 ||| DROPPING +0 animal skin.
  1042 | D:1      | 1042 ||| UPGRADING to plate armour.
  1052 | D:1      | 1052 ||| DROPPING +0 ring mail.
  1053 | D:1      | 1053 ||| READING scroll labeled JONUPH IHAZ.
  1054 | D:1      | 1054 ||| READING 3 scrolls labeled MYIWOC ACERO.
  1056 | D:1      | 1056 ||| UPGRADING to mace.
  1057 | D:1      | 1057 ||| SWAPPING to +0 hand axe.
  1058 | D:1      | 1058 ||| UPGRADING to emerald ring.
  1059 | D:1      | 1059 ||| READING 2 scrolls of remove curse.
  1060 | D:1      | 1060 ||| REMOVING -3 ring of intelligence.
  1061 | D:1      | 1061 ||| DROPPING -3 ring of intelligence.
  1062 | D:1      | 1062 ||| READING scroll labeled TEGRAI LIDU.
  1066 | D:1      | 1066 ||| DRINKING 2 metallic emerald potions.
  1067 | D:1      | 1067 ||| DRINKING 2 lumpy inky potions.
  1168 | D:1      | 1168 ||| DROPPING potion of ambrosia.
  1237 | D:2      | 1237 ||| INVOKING Berserk.
  1242 | D:2      | Reached skill level 4 in Axes
  1242 | D:2      | Reached XP level 4. HP: 28/28 MP: 4/4
  1346 | D:2      | 1346 ||| EATING 2 bread rations.
  1565 | D:2      | Found a burning altar of Makhleb.
  1977 | D:2      | Found a shattered altar of Ashenzari.
  1992 | D:2      | Noticed Terence
  2011 | D:2      | Killed Terence
  2011 | D:2      | Reached skill level 5 in Axes
  2011 | D:2      | Reached XP level 5. HP: 30/32 MP: 5/5
  2116 | D:2      | 2116 ||| READING scroll labeled TOZEPI COPT.
  2117 | D:2      | 2117 ||| READING scroll labeled FEOLEH TUFUA.
  2131 | D:3      | 2131 ||| STAIRDANCE
  2187 | D:3      | 2187 ||| INVOKING Berserk.
  2191 | D:3      | Reached skill level 3 in Armour
  2528 | D:3      | Found a radiant altar of Vehumet.
  2575 | D:3      | Noticed Qupu's ghost (amateur SpEn)
  2577 | D:3      | 2577 ||| INVOKING Berserk.
  2592 | D:3      | 2592 ||| DRINKING potion of curing.
  2592 | D:3      | 2592 ||| (to cure confusion)
  2685 | D:3      | HP: 7/32 [Qupu's ghost (3)]
  2701 | D:3      | Killed Qupu's ghost
  2701 | D:3      | Reached XP level 6. HP: 9/40 MP: 6/6
  2702 | D:3      | 2702 ||| EATING royal jelly.
  3103 | D:3      | Reached *** piety under Trog
  3710 | D:4      | Found an ancient bone altar of Kikubaaqudgha.
  3743 | D:4      | Got a transparent war axe
  3744 | D:4      | 3744 ||| SWAPPING to transparent war axe.
  3744 | D:4      | Identified the +8 war axe "Beetleslayer" {chop, -Tele rF+ MR+ Dex+2} (You found it on level 4 of the Dungeon)
  3745 | D:4      | 3745 ||| SWAPPING to +0 hand axe.
  3746 | D:4      | 3746 ||| DROPPING +8 war axe "Beetleslayer" {chop, -Tele rF+ MR+ Dex+2, mikee}.
  3762 | D:4      | Found a bloodstained altar of Trog.
  3762 | D:4      | Noticed Sigmund
  3764 | D:4      | Found a hide-covered altar of Uskayaw.
  3771 | D:4      | 3771 ||| INVOKING Berserk.
  3785 | D:4      | Killed Sigmund
  3785 | D:4      | Reached skill level 6 in Axes
  3785 | D:4      | Reached XP level 7. HP: 44/44 MP: 7/7
  3861 | D:4      | Found an iron altar of Okawaru.
  3895 | D:4      | 3895 ||| INVOKING Burn Spellbooks.
  4109 | D:4      | Found a staircase to the Ecumenical Temple.
  4118 | Temple   | Entered the Ecumenical Temple
  4119 | Temple   | 4119 ||| Entered T.
  4310 | Temple   | 4310 ||| READING scroll labeled VITRENA IVAST.
  4311 | Temple   | 4311 ||| READING 2 scrolls of identify.
  4311 | Temple   | 4311 ||| IDENTIFYING cyan potion
  4312 | Temple   | 4312 ||| DROPPING potion of degeneration.
  4338 | D:4      | 4338 ||| EATING 5 bread rations.
  4381 | D:4      | 4381 ||| INVOKING Burn Spellbooks.
  4382 | D:4      | 4382 ||| UPGRADING to flail.
  4383 | D:4      | 4383 ||| SWAPPING to +0 hand axe.
  4384 | D:4      | 4384 ||| DROPPING +0 mace.
  4392 | D:4      | 4392 ||| INVOKING Berserk.
  4822 | D:4      | 4822 ||| DRINKING 2 yellow potions.
  4823 | D:4      | 4823 ||| READING 2 scrolls of identify.
  4823 | D:4      | 4823 ||| IDENTIFYING red potion
  4862 | D:5      | Entered Level 5 of the Dungeon
  4957 | D:5      | Reached skill level 7 in Axes
  5375 | D:5      | Reached XP level 8. HP: 49/49 MP: 8/8
  5707 | D:5      | Noticed Menkaure
  5721 | D:5      | Killed Menkaure
  5866 | D:5      | Found a blossoming altar of Fedhas.
  5990 | D:5      | Reached skill level 8 in Axes
  6359 | D:5      | 6359 ||| STAIRDANCE
  6411 | D:4      | 6411 ||| Invisible monster not found???
  6441 | D:4      | 6441 ||| UPGRADING to granite ring.
  6442 | D:4      | 6442 ||| REMOVING ring of fire.
  6443 | D:4      | 6443 ||| READING scroll labeled QAONAK TOGAA.
  6504 | D:4      | 6504 ||| READING scroll labeled XOSEYNWEUKH.
  6505 | D:4      | 6505 ||| READING scroll labeled ASAUKHL DAMPOLL.
  6506 | D:4      | 6506 ||| READING scroll labeled ILAHAARUWN.
  6507 | D:4      | 6507 ||| READING scroll labeled JAUPITZ ILIBEPT.
  6508 | D:4      | 6508 ||| DRINKING 2 sapphire potions.
  6525 | D:5      | 6525 ||| STAIRDANCE
  6549 | D:4      | Reached skill level 6 in Fighting
  6685 | D:6      | Noticed Autsider's ghost (novice HOMo)
  6687 | D:6      | 6687 ||| INVOKING Berserk.
  6696 | D:6      | Killed Autsider's ghost
  6697 | D:6      | 6697 ||| EATING 4 bread rations.
  6701 | D:6      | 6701 ||| STAIRDANCE
  6956 | D:6      | Reached **** piety under Trog
  6956 | D:6      | Reached skill level 9 in Axes
  7075 | D:6      | Reached XP level 9. HP: 52/55 MP: 9/9
  7209 | D:6      | Found a snail-covered altar of Cheibriados.
  7315 | D:6      | Noticed a gargoyle
  7345 | D:6      | 7345 ||| INVOKING Berserk.
  7345 | D:6      | HP: 17/84 [gargoyle/stone arrow (17)]
  7349 | D:6      | HP: 2/85 [gargoyle/mace (11)]
  7350 | D:6      | Killed from afar by a gargoyle

Vault maps used:
D:1:      dpeg_arrival_windows_large_door, hex_intersection, serial_park_tiny_1,
          minmay_misc_feat_room
D:2:      overflow_temple_1_default, first_bread, bloody_makhleb, uniq_terence
D:3:      lemuel_crystal_altar
D:4:      kiku_gazebo_pond_becter, grunt_temple_overflow_open, minmay_ruptured,
          uniq_sigmund
D:5:      fedhas_altar_4, uniq_menkaure
D:6:      kennysheep_little_box, st_stairs_5, minmay_divided_ellipse
Temple:   dpeg_chambers_temple

Skill      XL: |  1  2  3  4  5  6  7  8  9 |
---------------+----------------------------+-----
Axes           | 3 4 5 6 7 9 |  9.0
Armour         | 3 4 5 |  5.0
Fighting       | 5 6 7 |  7.2
Dodging        | |  1.5

Action                   |  1- 3 |  4- 6 |  7- 9 || total
-------------------------+-------+-------+-------++-------
Melee: Hand axe          |    74 |   317 |   475 ||   866
Invok: Berserk           |     1 |     3 |     3 ||     7
       Burn Spellbooks   |       |       |     2 ||     2
  Use: Scroll            |     4 |     2 |     8 ||    14
       Potion            |     2 |     1 |     2 ||     5
 Stab: Sleeping          |     1 |       |       ||     1
  Eat: Chunk             |     1 |     5 |     7 ||    13
       Bread ration      |       |     1 |     2 ||     3
       Royal jelly       |       |     1 |       ||     1
Armor: Animal skin       |    19 |       |       ||    19
       Plate armour      |     2 |   224 |   365 ||   591
Dodge: Dodged            |    34 |    70 |   164 ||   268

Table legend:
 A = Spawn XP
 B = Non-spawn XP
 C = Spawn XP percentage of total XP
 D = Spawn monster count
 E = Non-spawn monster count
 F = Spawn count percentage of total count
 G = Total turns spent on level
                    A         B        C        D         E        F      G
               +---------+---------+-------+---------+---------+-------+---------
         Total |       0 |    2845 |   0.0 |       0 |     126 |   0.0 |  7350
               +---------+---------+-------+---------+---------+-------+---------
           D:1 |       0 |      47 |   0.0 |       0 |      25 |   0.0 |  1205
           D:2 |       0 |     128 |   0.0 |       0 |      22 |   0.0 |   925
           D:3 |       0 |     348 |   0.0 |       0 |      27 |   0.0 |  1498
           D:4 |       0 |     571 |   0.0 |       0 |      12 |   0.0 |  1217
           D:5 |       0 |     664 |   0.0 |       0 |      27 |   0.0 |  1728
           D:6 |       0 |    1087 |   0.0 |       0 |      13 |   0.0 |   558
               +---------+---------+-------+---------+---------+-------+---------
